 Dungeon Crawl Stone Soup version 0.18.0-1-g0107ab7 (webtiles) character file.

183605 nikopol the Severer (level 17, -13/154 HPs)
             Began as a Minotaur Berserker on May 5, 2016.
             Was the Champion of Trog.
             Drowned by a drowned soul (14 damage)
             ... summoned by a merfolk avatar
             ... on level 4 of the Shoals.
             The game lasted 02:57:55 (31984 turns).

nikopol the Severer (Minotaur Berserker)           Turns: 31984, Time: 02:57:55

Health: -13/154    AC: 26    Str: 26    XL:     17   Next: 75%
Magic:  16/16      EV: 20    Int:  4    God:    Trog [******]
Gold:   2420       SH: 17    Dex: 13    Spells: 0 memorised, 16 levels left

rFire  + . .     SeeInvis .     b - +7 broad axe (flame)
rCold  + + .     Gourm    +     T - +4 chain mail
rNeg   . . .     Faith    .     C - +2 shield {rC+ rF+}
rPois  +         Spirit   .     Q - +0 hat {rC+}
rElec  .         Dismiss  .     F - +2 cloak {rPois}
rCorr  .         Reflect  .     N - +2 pair of gloves
SustAt .         Harm     .     k - +0 pair of boots
MR     +++..                    D - amulet of the gourmand
Stlth  ..........               A - +5 ring of evasion
                                Y - ring of flight

@: mesmerised, regenerating, extremely resistant to hostile enchantments,
extremely unstealthy
A: retaliatory headbutt, horns 2
a: Berserk, Trog's Hand, Brothers in Arms, Burn Spellbooks, Renounce Religion,
Evoke Flight


You were on level 4 of the Shoals.
You worshipped Trog.
Trog was exalted by your worship.
You were completely stuffed.

You visited 4 branches of the dungeon, and saw 29 of its levels.
You visited the Abyss 1 time.
You also visited: Bailey and Ice Cave.

You collected 3419 gold pieces.
You spent 999 gold pieces at shops.

Inventory:

Hand Weapons
 b - a +7 broad axe of flaming (weapon)
 w - a +4 antimagic broad axe
Missiles
 p - 42 tomahawks of returning (quivered)
Armour
 k - a +0 pair of boots (worn)
 C - a +2 shield of resistance (worn)
 F - a +2 cloak of poison resistance (worn)
 L - a +1 buckler of protection
 N - a +2 pair of gloves (worn)
 Q - a +0 hat of cold resistance (worn)
 T - a +4 chain mail (worn)
Jewellery
 e - an uncursed ring of see invisible
 j - a +3 ring of dexterity
 v - an uncursed ring of resist corrosion
 x - an uncursed ring of protection from fire
 A - a +5 ring of evasion (right hand)
 D - an amulet of the gourmand (around neck)
 J - an uncursed ring of sustain attributes
 Y - a ring of flight (left hand)
Wands
 s - a wand of paralysis (14/24)
 y - a wand of teleportation (3/9)
 G - a wand of heal wounds (7/9)
 M - a wand of flame (7/48)
 P - a wand of digging (15/24)
Scrolls
 f - 14 scrolls of identify
 g - 12 scrolls of remove curse
 i - 7 scrolls of fear
 m - a scroll of enchant armour
 r - 7 scrolls of teleportation
 u - 4 scrolls of fog
 B - 5 scrolls of blinking
 X - a scroll of torment {unknown}
 Z - a scroll of magic mapping
Potions
 a - 4 potions of might
 d - 2 potions of haste
 h - 5 potions of invisibility
 l - 2 potions of flight
 n - 5 potions of berserk rage
 q - a potion of experience
 t - 12 potions of curing
 z - 3 potions of magic
 E - 6 potions of heal wounds
 I - 6 potions of ambrosia
 K - 2 potions of resistance
 S - 3 potions of agility
 U - 2 potions of cure mutation
 V - a potion of brilliance
Comestibles
 c - 25 bread rations
 o - 4 fruits
 H - 12 slices of pizza
 O - 8 meat rations
 R - 8 beef jerkies


   Skills:
 + Level 14.3 Fighting
 * Level 18.8(19.1) Axes
   Level 7.0(14.2) Polearms
 + Level 11.4 Throwing
 + Level 14.7 Armour
 + Level 13.1 Dodging
 * Level 16.7 Shields


You had 16 spell levels left.
You didn't know any spells.

Dungeon Overview and Level Annotations

Branches:
Dungeon (15/15)            Temple (0/1) D:5            Lair (8/8) D:10
 Shoals (4/4) Lair:3       Spider (0/4) Lair:6        Slime (0/6) Lair:7
    Orc (2/2) D:9             Elf (0/3) Orc:2        Vaults (0/5) D:13
 Depths (0/5) D:15

Altars:
Ashenzari
Cheibriados
Elyvilon
Gozag
Makhleb
Pakellas
Sif Muna
Trog
Vehumet
Xom
Yredelemnul
Zin
The Shining One
Jiyva

Shops:
Orc:2 [[(}   Shoals:1 *   Shoals:2 *


Innate Abilities, Weirdness & Mutations

You reflexively headbutt those who attack you in melee.
You have a pair of horns on your head.


Message History

Your headbutt misses the merfolk avatar.
The merfolk avatar is severely wounded.
You closely miss the drowned soul. You completely miss the drowned soul.
The drowned soul touches you. The drowned soul drowns you!
* * * LOW HITPOINT WARNING * * *
The merfolk javelineer throws a javelin of penetration.
The javelin of penetration pierces through you but does no damage.
You hear a splash.
You block the drowned soul's attack.
Your skin crawls.
You feel resistant to hostile enchantments.
You feel slightly less full.
The merfolk avatar chants its luring song.
You block the merfolk's attack.
The merfolk javelineer throws a javelin of penetration.
The javelin of penetration pierces through you!
* * * LOW HITPOINT WARNING * * *
You hear a splash.
The drowned soul touches you. The drowned soul drowns you!
You die...

###############
≈≈≈≈≈≈≈≈≈≈≈≈≈≈≈≈
≈≈≈≈≈≈≈≈≈≈≈≈≈≈≈≈≈
≈≈≈≈m≈≈≈≈≈≈≈≈≈≈≈≈
≈≈≈≈≈≈≈≈≈≈≈≈≈≈≈≈≈≈≈≈≈≈≈
≈≈≈≈≈≈≈≈≈≈≈≈≈≈≈≈≈≈≈≈≈≈≈
≈≈≈≈≈≈≈≈m≈W≈≈≈≈≈≈≈≈≈≈≈#
≈≈≈≈≈≈≈≈@≈≈≈≈≈≈≈≈≈≈≈≈#
.≈≈≈≈≈≈≈((≈≈≈≈≈≈≈≈≈≈≈#
#≈≈≈≈≈≈m≈≈≈≈≈≈≈≈≈≈≈≈#
..#≈≈≈≈≈≈..(...<≈≈≈≈≈#
#≈#≈≈≈≈.........≈≈≈≈#
.#≈#≈≈≈...(......≈≈≈#
.≈≈#≈≈)..........≈≈≈##
≈≈≈
#≈≈≈.......#...≈≈≈## ≈
#≈≈≈....≈..###..≈≈≈##


You could see a merfolk avatar, a merfolk javelineer, a merfolk and a drowned
soul.

Vanquished Creatures
  Nikola (Shoals:4)
  Frances (Shoals:1)
  Polyphemus (Shoals:3)
  A tengu reaver (D:15)
  2 tentacled starspawn (Abyss:3)
  Kirke (Shoals:1)
  Donald (Shoals:1)
  Maud (D:12)
  A frost giant (D:15)
  Louise (Shoals:2)
  A very ugly thing (D:15)
  A war gargoyle (D:15)
  Azrael (D:13)
  2 merfolk javelineers (Shoals:2)
  An ettin (D:15)
  3 merfolk impalers
  Snorg (D:10)
  A yaktaur captain (D:15)
  Harold (Orc:1)
  A great orb of eyes (D:15)
  9 hydras
  Erolcha (D:9)
  7 centaur warriors
  2 catoblepae
  A satyr (Shoals:3)
  4 ogre magi
  3 merfolk aquamancers (Shoals:2)
  2 dancing weapons (D:13)
  A merfolk avatar (Shoals:2)
  A tengu warrior (D:12)
  5 death yaks
  A queen ant (Lair:4)
  2 death knights (D:15)
  Sonja (Lair:4)
  2 deep elf knights (D:15)
  A deep troll earth mage (D:15)
  A hell knight (D:15)
  3 skeletal warriors (D:14)
  7 sea snakes
  A giant orange brain (Abyss:3)
  An unseen horror (D:12)
  A swamp dragon (shapeshifter) (D:15)
  2 starcursed masses (Abyss:3)
  3 deep trolls
  A flayed ghost (D:12)
  2 deep elf archers (D:15)
  A phantasmal warrior (D:15)
  9 hill giants
  16 harpies (Shoals:2)
  3 orc knights
  A wolf spider (D:15)
  9 griffons
  11 ugly things
  5 deep elf magi
  8 fauns
  2 wolf spider zombies
  7 cyclopes
  2 oklob plants
  4 orc sorcerers
  13 manticores
  2 centaur zombies (D:15)
  3 black mambas
  26 elephants
  A moth of wrath (shapeshifter) (D:15)
  2 ice statues (IceCv)
  4 water nymphs
  6 sirens
  3 torpor snails
  The ghost of execc the Shield-Bearer, a novice FoFi (D:4)
  A smoke demon (Abyss:3)
  22 spiny frogs
  A demonic crawler (Abyss:3)
  5 rime drakes
  3 centaur skeletons
  An efreet (D:12)
  7 komodo dragons
  14 ice devils (IceCv)
  2 yaktaurs (D:15)
  3 freezing wraiths (D:15)
  12 trolls
  A troll (shapeshifter) (D:12)
  2 tengu conjurers (D:15)
  An ancient zyme (Abyss:3)
  24 merfolk
  A polar bear (shapeshifter) (D:15)
  A queen bee (shapeshifter) (D:15)
  9 two-headed ogres
  3 wind drakes
  5 polar bears
  11 blink frogs
  3 giant leeches (Lair:8)
  6 slime creatures
  Prince Ribbit (D:5)
  A wind drake (shapeshifter) (D:13)
  A boulder beetle (D:15)
  7 snapping turtles
  A flying skull (Abyss:3)
  3 shadows (D:15)
  A redback (D:15)
  64 yaks
  10 water elementals
  A tarantella (shapeshifter) (D:15)
  A vampire (D:15)
  A hog (shapeshifter) (D:15)
  A hungry ghost (D:9)
  Eustachio (D:5)
  5 humans
  6 wyverns
  3 fire elementals (D:13)
  3 hogs (Shoals:1)
  A basilisk (Lair:7)
  5 vampire mosquitoes
  19 hippogriffs
  Menkaure (D:5)
  A mottled dragon (D:15)
  3 wargs
  8 water moccasins
  12 soldier ants
  3 hell hounds (D:13)
  10 porcupines
  4 sky beasts
  8 ice beasts
  14 orc warriors
  2 black bears
  A wasp (Lair:6)
  3 boggarts (D:15)
  10 wolves
  3 phantoms
  30 ogres
  11 centaurs
  12 crocodiles
  2 big kobolds
  38 giant frogs
  A gnoll sergeant (D:9)
  A wyvern zombie (D:14)
  7 scorpions
  14 killer bees
  2 electric eels
  6 howler monkeys
  12 crimson imps
  A lava snake (D:10)
  2 giant frog zombies
  9 hounds
  A quasit (D:13)
  15 jellies
  15 orc priests
  21 orc wizards
  10 iguanas
  26 worker ants
  33 sheep
  3 worker ant zombies
  A howler monkey zombie (D:11)
  18 gnolls
  66 river rats
  6 adders
  4 shadow imps
  7 white imps
  7 ufetubi (IceCv)
  18 oozes
  2 adder skeletons
  A worm (D:2)
  2 dart slugs
  5 giant geckos
  70 orcs
  5 giant cockroaches
  12 goblins
  17 hobgoblins
  4 jackals (D:1)
  21 kobolds
  3 quokkas
  3 ball pythons
  2 bats
  5 giant newts
  6 rats
  11 fungi
  4 plants
  3 starspawn tentacles (Abyss:3)
1160 creatures vanquished.

Vanquished Creatures (others)
  A sea snake (Shoals:4)
  3 white imps (IceCv)
  An ufetubus (IceCv)
  A bush (Lair:8)
  32 fungi
  26 plants
  2 starspawn tentacles (Abyss:3)
  13 starspawn tentacle segments (Abyss:3)
79 creatures vanquished.

Grand Total: 1239 creatures vanquished

Notes
Turn   | Place    | Note
--------------------------------------------------------------
     0 | D:1      | nikopol the Minotaur Berserker began the quest for the Orb.
     0 | D:1      | Reached XP level 1. HP: 19/19 MP: 0/0
   177 | D:1      | Reached XP level 2. HP: 27/27 MP: 1/1
   283 | D:1      | Reached ** piety under Trog
   303 | D:1      | Reached XP level 3. HP: 15/33 MP: 2/2
   912 | D:2      | Found an opulent altar of Gozag.
  1257 | D:3      | Reached XP level 4. HP: 36/40 MP: 3/3
  1334 | D:3      | Found a bloodstained altar of Trog.
  1610 | D:3      | Reached *** piety under Trog
  1616 | D:3      | Reached XP level 5. HP: 21/47 MP: 4/4
  1622 | D:3      | Reached skill level 5 in Polearms
  2035 | D:4      | Reached skill level 1 in Axes
  2071 | D:4      | Noticed execc's ghost (novice FoFi)
  2074 | D:4      | Noticed an ogre
  2080 | D:4      | Killed execc's ghost
  2080 | D:4      | Reached skill level 5 in Fighting
  2080 | D:4      | Reached skill level 3 in Axes
  2080 | D:4      | Reached skill level 1 in Throwing
  2080 | D:4      | Reached XP level 6. HP: 32/56 MP: 5/5
  2080 | D:4      | Reached XP level 7. HP: 35/61 MP: 6/6
  2279 | D:4      | Reached skill level 5 in Armour
  2344 | D:4      | Reached skill level 4 in Axes
  2481 | D:4      | Noticed a hippogriff
  2490 | D:4      | Killed a hippogriff
  2490 | D:4      | Reached skill level 5 in Axes
  2735 | D:4      | Reached XP level 8. HP: 70/70 MP: 7/7
  2865 | D:5      | Entered Level 5 of the Dungeon
  2981 | D:5      | Reached **** piety under Trog
  2998 | D:5      | Noticed Eustachio
  3005 | D:5      | Killed Eustachio
  3005 | D:5      | Reached skill level 5 in Dodging
  3110 | D:5      | Noticed Menkaure
  3113 | D:5      | Killed Menkaure
  3113 | D:5      | Reached skill level 6 in Axes
  3391 | D:5      | Found a staircase to the Ecumenical Temple.
  3490 | D:5      | Received a gift from Trog
  3657 | D:5      | Noticed Prince Ribbit
  3664 | D:5      | Killed Prince Ribbit
  3664 | D:5      | Reached skill level 7 in Axes
  3753 | D:5      | Reached XP level 9. HP: 78/78 MP: 8/8
  4089 | D:6      | Found a glowing silver altar of Zin.
  4090 | D:6      | Found a white marble altar of Elyvilon.
  4092 | D:6      | Found a glowing golden altar of the Shining One.
  4227 | D:6      | Got a faintly humming leather armour
  4361 | D:7      | Reached skill level 8 in Axes
  4753 | D:7      | Reached ***** piety under Trog
  5189 | D:8      | Identified the +1 leather armour of the Shining One's Envy {Slay+3} (You found it on level 6 of the Dungeon)
  5234 | D:8      | Reached skill level 9 in Axes
  5282 | D:8      | Found a flagged portal.
  5289 | Bailey   | Entered a bailey
  5360 | Bailey   | Reached XP level 10. HP: 82/88 MP: 9/9
  5498 | Bailey   | Noticed an orc knight
  5508 | Bailey   | Killed an orc knight
  5508 | Bailey   | Reached skill level 5 in Throwing
  6399 | D:9      | Noticed Erolcha
  6402 | D:9      | Killed Erolcha
  6402 | D:9      | Received a gift from Trog
  6924 | D:9      | Found a radiant altar of Vehumet.
  7015 | D:9      | Noticed an oklob plant
  7031 | D:9      | Reached skill level 1 in Shields
  7044 | D:9      | HP: 1/90 [acid (11)]
  7577 | D:9      | Killed an oklob plant
  7737 | D:9      | Found a staircase to the Orcish Mines.
  7824 | D:9      | Found a shattered altar of Ashenzari.
  7826 | D:9      | Found a basalt altar of Yredelemnul.
  7827 | D:9      | Found a burning altar of Makhleb.
  7834 | D:9      | Found a shimmering altar of Xom.
  7858 | D:9      | Found an oddly glowing altar of Pakellas.
  7873 | D:9      | Found a snail-covered altar of Cheibriados.
  8074 | D:10     | Entered Level 10 of the Dungeon
  8074 | D:10     | Noticed a manticore
  8089 | D:10     | Killed a manticore
  8089 | D:10     | Reached XP level 11. HP: 33/97 MP: 10/10
  8179 | D:10     | Noticed Snorg
  8344 | D:10     | Killed Snorg
  8344 | D:10     | Reached skill level 10 in Axes
  8374 | D:10     | Noticed a hill giant
  8379 | D:10     | Killed a hill giant
  8427 | D:10     | Noticed a hill giant
  8435 | D:10     | Killed a hill giant
  8513 | D:10     | Reached skill level 5 in Shields
  8710 | D:10     | Found a staircase to the Lair.
  9177 | Lair:1   | Entered Level 1 of the Lair of Beasts
  9288 | Lair:1   | Received a gift from Trog
  9507 | Lair:1   | Reached skill level 11 in Axes
 10356 | Lair:2   | Noticed a seven-headed hydra
 10366 | Lair:2   | Killed a four-headed hydra
 10366 | Lair:2   | Reached skill level 10 in Armour
 10366 | Lair:2   | Reached XP level 12. HP: 98/106 MP: 11/11
 10903 | Lair:2   | Reached skill level 10 in Fighting
 11197 | Lair:3   | Noticed an eight-headed hydra
 11203 | Lair:3   | Killed a seven-headed hydra
 11231 | Lair:3   | Found a snail-covered altar of Cheibriados.
 11265 | Lair:3   | Received a gift from Trog
 11265 | Lair:3   | Reached skill level 12 in Axes
 11311 | Lair:3   | Noticed a seven-headed hydra
 11319 | Lair:3   | Killed a five-headed hydra
 11377 | Lair:3   | Reached ****** piety under Trog
 11453 | Lair:3   | Found a staircase to the Shoals.
 11530 | Lair:3   | Noticed a five-headed hydra
 11536 | Lair:3   | Killed a four-headed hydra
 12098 | Lair:4   | Received a gift from Trog
 12404 | Lair:4   | Noticed a queen ant
 12414 | Lair:4   | Killed a queen ant
 12546 | Lair:4   | Noticed Sonja
 12677 | Lair:4   | Noticed a six-headed hydra
 12686 | Lair:4   | Killed a one-headed hydra
 13142 | Lair:4   | Killed Sonja
 13142 | Lair:4   | Reached skill level 13 in Axes
 13142 | Lair:4   | Reached XP level 13. HP: 76/114 MP: 12/12
 14085 | Lair:5   | Reached skill level 10 in Shields
 14481 | Lair:5   | Received a gift from Trog
 14858 | Lair:6   | Received a gift from Trog
 14868 | Lair:6   | Reached skill level 10 in Dodging
 15431 | Lair:6   | Reached skill level 14 in Axes
 15588 | Lair:6   | Received a gift from Trog
 15788 | Lair:6   | Found a hole to the Spider Nest.
 16313 | Lair:7   | Found a staircase to the Slime Pits.
 16314 | Lair:7   | Found a viscous altar of Jiyva.
 16481 | Lair:7   | Reached XP level 14. HP: 105/124 MP: 13/13
 16763 | Lair:7   | Found a frozen archway.
 16779 | Lair:7   | Received a gift from Trog
 16800 | IceCv    | Entered an ice cave
 17592 | Lair:8   | Entered Level 8 of the Lair of Beasts
 17618 | Lair:8   | Identified a scroll of acquirement
 17846 | Lair:8   | Received a gift from Trog
 17863 | Lair:8   | Got a fine lajatang {god gift}
 18068 | Lair:8   | Identified the +0 lajatang of Ceploug {flame, Str+3} (Trog gifted it to you on level 8 of the Lair of Beasts)
 18107 | Lair:8   | Reached skill level 15 in Axes
 19155 | Orc:1    | Entered Level 1 of the Orcish Mines
 19263 | Orc:2    | Entered Level 2 of the Orcish Mines
 19330 | Orc:2    | Found Duhif's Gadget Shop.
 19817 | Orc:2    | Found Cerijoing's Weapon Boutique.
 19822 | Orc:2    | Found Qurumyurch's Antique Armour Emporium.
 19830 | Orc:2    | Received a gift from Trog
 19852 | Orc:2    | Reached XP level 15. HP: 115/134 MP: 14/14
 20022 | Orc:2    | Found Jebrotaw's Antique Armour Shop.
 20032 | Orc:2    | Bought a polished scale mail for 315 gold pieces
 20048 | Orc:2    | Identified the +4 scale mail of Opiluj {Str+4 Dex-4} (You bought it in a shop on level 2 of the Orcish Mines)
 20068 | Orc:2    | Bought a runed cloak for 157 gold pieces
 20068 | Orc:2    | Bought a runed chain mail for 157 gold pieces
 20130 | Orc:2    | Bought a runed scale mail for 140 gold pieces
 20130 | Orc:2    | Bought a shiny scale mail for 140 gold pieces
 20300 | Orc:2    | Found a staircase to the Elven Halls.
 20932 | Orc:1    | Received a gift from Trog
 21130 | Orc:1    | Noticed Harold
 21140 | Orc:1    | Killed Harold
 21349 | D:11     | Found an opulent altar of Gozag.
 22146 | Orc:2    | Bought a pair of glowing gloves for 90 gold pieces
 22719 | D:12     | Reached skill level 16 in Axes
 22723 | D:12     | Received a gift from Trog
 22912 | D:12     | Noticed Maud
 22921 | D:12     | Killed Maud
 23328 | D:12     | Received a gift from Trog
 23684 | D:13     | Found a viscous altar of Jiyva.
 23747 | D:13     | Noticed Azrael
 23773 | D:13     | Killed Azrael
 24012 | D:13     | Found a gate to the Vaults.
 24621 | D:13     | Received a gift from Trog
 24624 | D:13     | Got a shimmering war axe {god gift}
 24636 | D:13     | Identified the +1 war axe "Jialluit" {flame, MR- Str+6} (Trog gifted it to you on level 13 of the Dungeon)
 25142 | D:14     | Reached skill level 10 in Throwing
 25335 | D:15     | Entered Level 15 of the Dungeon
 25483 | D:15     | Found a deep blue altar of Sif Muna.
 25483 | D:15     | Found a bloodstained altar of Trog.
 25485 | D:15     | Found a shattered altar of Ashenzari.
 25779 | D:15     | Reached XP level 16. HP: 143/143 MP: 15/15
 26209 | D:15     | Received a gift from Trog
 26226 | D:15     | Reached skill level 17 in Axes
 26315 | D:15     | Received a gift from Trog
 26519 | D:15     | Received a gift from Trog
 26519 | D:15     | Reached skill level 15 in Shields
 26789 | D:15     | Found a staircase to the Depths.
 26934 | D:15     | Noticed a tengu reaver
 26955 | D:15     | Killed a tengu reaver
 26964 | D:15     | Paralysed by a great orb of eyes for 3 turns
 27331 | D:15     | Got a pair of shimmering gloves
 27342 | D:15     | Identified the cursed +0 pair of gloves of Melancholy {+Blink rCorr} (You found it on level 15 of the Dungeon)
 27705 | Shoals:1 | Entered Level 1 of the Shoals
 27716 | Shoals:1 | Found Dulair's Desiderata Depot.
 27828 | Shoals:1 | Noticed Donald
 27851 | Shoals:1 | Killed Donald
 27912 | Shoals:1 | Noticed Kirke
 27924 | Shoals:1 | Killed Kirke
 28031 | Shoals:1 | Noticed Frances
 28040 | Shoals:1 | Killed Frances
 28686 | Shoals:2 | Received a gift from Trog
 28735 | Shoals:2 | Noticed Louise
 28762 | Shoals:2 | Cast into level 3 of the Abyss (Louise)
 28783 | Abyss:3  | Noticed a tentacled starspawn
 28788 | Abyss:3  | Killed a tentacled starspawn
 28788 | Abyss:3  | Reached skill level 18 in Axes
 28833 | Abyss:3  | Noticed a tentacled starspawn
 28840 | Abyss:3  | Killed a tentacled starspawn
 28871 | Abyss:3  | Reached XP level 17. HP: 134/151 MP: 16/16
 28954 | Shoals:2 | Escaped the Abyss
 28980 | Shoals:2 | Killed Louise
 29387 | Shoals:2 | Got a heavily runed chain mail
 29398 | Shoals:2 | Identified the +6 chain mail "Mike Durio" {*Corrode rPois rC+++ Str-3} (You found it on level 2 of the Shoals)
 30068 | Shoals:2 | Found Zeerinevia's General Store.
 30150 | Shoals:2 | Received a gift from Trog
 30558 | Shoals:3 | Noticed Polyphemus
 30571 | Shoals:3 | Killed Polyphemus
 30588 | Shoals:3 | Received a gift from Trog
 31032 | Shoals:3 | Received a gift from Trog
 31836 | Shoals:4 | Entered Level 4 of the Shoals
 31873 | Shoals:4 | Noticed Nikola
 31897 | Shoals:4 | Killed Nikola
 31984 | Shoals:4 | HP: 1/154 [merfolk javelineer/javelin of penetration (8)]
 31984 | Shoals:4 | Drowned by a drowned soul

Skill      XL: |  1  2  3  4  5  6  7  8  9 10 11 12 13 14 15 16 17 |
---------------+----------------------------------------------------+-----
Fighting       | 4 5 6 8 9 10 11 12 13 14 | 14.3
Polearms       | 4 5 7 |  7.0
Armour         | 3 4 5 6 7 9 10 11 12 13 14 | 14.7
Dodging        | 3 4 5 6 7 8 9 10 11 12 13 | 13.1
Axes           | 3 5 7 9 11 13 14 15 16 18 | 18.8
Throwing       | 1 2 3 4 6 7 8 9 10 11 | 11.4
Shields        | 3 7 9 11 13 14 15 16 | 16.7

Action                   |  1- 3 |  4- 6 |  7- 9 | 10-12 | 13-15 | 16-18 || total
-------------------------+-------+-------+-------+-------+-------+-------++-------
Melee: Spear             |    86 |    49 |       |       |       |       ||   135
       Headbutt          |    17 |    10 |    39 |   126 |   301 |   188 ||   681
       Hand axe          |       |    18 |   210 |     1 |       |       ||   229
       Halberd           |       |       |       |   106 |       |       ||   106
       Broad axe         |       |       |       |   460 |  1062 |   750 ||  2272
       Battleaxe         |       |       |       |       |     3 |       ||     3
Throw: Tomahawk          |       |     2 |    33 |   215 |   309 |   177 ||   736
Invok: Berserk           |       |     2 |     3 |     3 |     3 |     6 ||    17
       Trog's Hand       |       |       |       |     2 |     3 |     1 ||     6
       Burn Spellbooks   |       |       |       |     1 |     7 |       ||     8
Evoke: Wand              |       |       |       |       |       |     1 ||     1
  Use: Scroll            |       |       |     6 |     5 |    30 |     2 ||    43
       Potion            |       |       |       |       |       |     1 ||     1
 Stab: Sleeping          |     1 |       |       |       |       |       ||     1
       Distracted        |       |       |       |     1 |       |       ||     1
  Eat: Chunk             |       |     4 |    15 |    25 |    53 |    27 ||   124
       Meat ration       |       |       |       |     1 |       |       ||     1
       Fruit             |       |       |       |       |     1 |       ||     1
Armor: Animal skin       |     7 |       |       |       |       |       ||     7
       Leather armour    |     2 |     8 |     4 |       |       |       ||    14
       Ring mail         |       |       |    21 |    99 |     3 |       ||   123
       Scale mail        |       |       |    22 |       |       |       ||    22
       Chain mail        |       |       |       |       |   240 |   216 ||   456
Dodge: Dodged            |    28 |    29 |   174 |   454 |   556 |   398 ||  1639
Block: Buckler           |       |       |       |   113 |    92 |       ||   205
       Shield            |       |       |       |       |   418 |   584 ||  1002
